 Dungeon Crawl Stone Soup version 0.19.5 (webtiles) character file.

14506 Gargoyl the Cleaver (level 12, -1/103 HPs)
             Began as a Ghoul Abyssal Knight on Apr 28, 2017.
             Was the Champion of Lugonu.
             Slain by a hill giant
             ... wielding a +0 giant club
              (28 damage)
             ... on level 10 of the Dungeon.
             The game lasted 00:28:38 (12076 turns).

Gargoyl the Cleaver (Ghoul Abyssal Knight)         Turns: 12076, Time: 00:28:39

Health: -1/103     AC: 26    Str: 17    XL:     12   Next: 17%
Magic:  17/17      EV:  6    Int:  7    God:    Lugonu [******]
Gold:   883        SH:  0    Dex: 12    Spells: 0 memorised, 11 levels left

rFire  . . .     SeeInvis +     f - +3 hand axe (elec)
rCold  + . .     Gourm    .     k - +3 plate armour
rNeg   + + +     Faith    .     (no shield)
rPois  ∞         Spirit   .     O - +0 helmet
rElec  .         Reflect  .     (no cloak)
rCorr  .         Harm     .     J - +0 pair of gloves
MR     .....                    (no boots)
Stlth  ..........               (no amulet)
                                G - ring of see invisible
                                D - +6 ring of protection

@: marked, rotting
A: rotting body, claws 1, carnivore 3, cold resistance 1, negative energy
resistance 3, slow regeneration 1, torment resistance, unbreathing
a: Depart the Abyss, Bend Space, Banish, Corrupt, Enter the Abyss, Brand Weapon
With Distortion, Renounce Religion


You were on level 10 of the Dungeon.
You worshipped Lugonu.
Lugonu was exalted by your worship.
You were not hungry.

You visited 1 branch of the dungeon, and saw 12 of its levels.
You visited the Abyss 1 time.
You also visited: Sewer.

You collected 883 gold pieces.

Inventory:

Hand Weapons
 d - a +0 war axe
 f - a +3 hand axe of electrocution (weapon)
 l - a +0 war axe
 y - the +9 flail of Conformity {freeze, rF+ rC+ MR+ Int-4}
   (You found it on level 6 of the Dungeon)

   It has been specially enchanted to freeze those struck by it, causing extra
   injury to most foes and up to half again as much damage against particularly
   susceptible opponents.
   It can also slow down cold-blooded creatures.
   It affects your intelligence (-4).
   It protects you from fire.
   It protects you from cold.
   It affects your resistance to hostile enchantments.
 N - a +1 hand axe of flaming
Missiles
 B - 3 javelins of penetration (quivered)
Armour
 k - a +3 plate armour (worn)
 J - a +0 pair of gloves (worn)
 O - a +0 helmet (worn)
Jewellery
 r - an uncursed ring of ice {unknown}
 D - a +6 ring of protection (left hand)
 G - a ring of see invisible (right hand)
Wands
 a - a wand of disintegration (8/24)
 h - a wand of slowing (35/48)
 t - a wand of slowing (10/48)
 u - a wand of lightning (2/15)
 E - a wand of iceblast (10/15)
 F - a wand of iceblast (5/15)
 I - a wand of random effects (20/48)
 K - a wand of confusion (23/48)
 Q - a wand of lightning (12/15)
Scrolls
 i - a scroll of identify
 o - 5 scrolls of remove curse
 q - a scroll of enchant weapon
 s - a scroll of teleportation
 H - 2 scrolls of blinking
Potions
 e - a potion of invisibility
 g - 4 potions of magic
 j - a potion of curing
 m - a potion of ambrosia
 n - 2 potions of cancellation
 p - 2 potions of heal wounds
 w - a potion of mutation {unknown}
 x - a potion of flight {unknown}
 z - 2 potions of might {unknown}
Books
 v - Sif Muna's Papyrus of Transformation
   (You found it on level 5 of the Dungeon)

   Spells                             Type                      Level
   a - Beastly Appendage              Transmutation                1
Comestibles
 b - a royal jelly
 c - 8 meat rations
 A - a slice of pizza
 M - a beef jerky
 P - 6 chunks of flesh


   Skills:
 + Level 8.8 Fighting
 + Level 10.6 Axes
 + Level 0.6 Throwing
 * Level 10.2 Armour
 + Level 2.2 Dodging
 * Level 9.3 Invocations


You had 11 spell levels left.
You didn't know any spells.

Dungeon Overview and Level Annotations

Branches:
Dungeon (12/15)            Temple (0/1) D:4            Lair (0/6) D:10
    Orc (0/2) D:11

Altars:
Cheibriados
Dithmenos
Elyvilon
Fedhas
Kikubaaqudgha
Qazlal
Ru
Sif Muna
Trog
Uskayaw
Vehumet
Xom
The Shining One

Shops:
D:9 :

Annotations:
D:10 Grum


Innate Abilities, Weirdness & Mutations

Your body is rotting away.
You thrive on raw meat.
You are immune to poison.
You have sharp fingernails.
You are carnivorous and can eat meat at any time.
Your flesh is cold resistant. (rC+)
You are immune to negative energy. (rN+++)
You regenerate slowly when monsters are visible.
You are immune to unholy pain and torment.
You can survive without breathing.


Message History

The hound bites you but does no damage.
Grum lets out an intimidating howl.
Grum hits you but does no damage.
The hill giant hits you with a giant club!
Unknown command.
You hit the hill giant.
The hill giant is almost dead.
You hit the hound but do no damage.
There is a sudden explosion of sparks!
You barely miss the orc. You hit Grum but do no damage.
There is a sudden explosion of sparks!
The hound bites you but does no damage. The orc hits you but does no damage.
Grum hits you with a spear!
* * * LOW HITPOINT WARNING * * *
A jackal comes into view.
You hit the hill giant but do no damage.
The hill giant is almost dead.
You closely miss the hound. You hit the orc but do no damage.
You hit Grum but do no damage. The hound bites you but does no damage.
The orc hits you but does no damage.
The hill giant hits you with a giant club!!
You die...

#.........####.....)..####.....
#.........# #....h...# ######
#.........# #####.####
#######'### #...# #.....#
###.### #####'###### #...#
#..........# ###h#######
#..........# #.goh......
§..........###..@C......
...........#.'..........
≈..§.......#.#..........
≈≈.........'.#..........
≈≈.........###..........
§≈.####'#### ###'#######
≈..###..# #......## ≈..##..##
######..# ...##.# #######.##


You could see a hill giant, Grum, a hound, an orc and a jackal.

Vanquished Creatures
  Josephine (D:11)
  A hydra (D:11)
  Erica (D:9)
  Nergalle (D:11)
  The ghost of patcoet the Slinger, a novice HaHu of Okawaru (D:7)
  An unseen horror (D:11)
  2 hill giants
  Pikel (D:6)
  An ugly thing (D:11)
  A gargoyle (D:11)
  2 two-headed ogres
  A troll (D:12)
  2 hippogriffs
  4 wraiths
  A hungry ghost (D:8)
  A water moccasin (D:8)
  A hell hound (D:10)
  Duvessa (D:7)
  5 orc warriors
  A sky beast (D:7)
  A slave (D:6)
  4 ice beasts
  2 phantoms
  2 wolves
  5 centaurs
  7 ogres
  A crocodile (D:8)
  Blork the orc (D:6)
  3 big kobolds
  3 bullfrogs
  Dowan (D:7)
  A gnoll sergeant (D:7)
  A water moccasin zombie (D:9)
  5 scorpions
  7 killer bees
  8 wights
  4 howler monkeys
  A centaur zombie (D:8)
  5 crimson imps
  11 hounds
  2 bullfrog zombies
  11 orc priests
  3 jellies
  A bullfrog skeleton (D:5)
  2 centaur skeletons
  Terence (D:3)
  Ijyb (D:3)
  An iguana (D:7)
  20 orc wizards
  4 worker ants
  A worker ant zombie (D:9)
  14 gnolls
  7 adders
  4 river rats (Sewer)
  2 oozes (Sewer)
  4 adder skeletons
  4 worms
  A dart slug (D:2)
  6 leopard geckos
  76 orcs
  7 ball pythons
  7 giant cockroaches
  12 goblins
  16 hobgoblins
  10 jackals
  5 quokkas
  9 bats
  5 frilled lizards
  A jackal zombie (D:5)
  32 kobolds
  A leopard gecko skeleton (D:6)
  A leopard gecko zombie (D:8)
  15 rats
  2 plants (D:12)
391 creatures vanquished.

Vanquished Creatures (others)
  The ghost of Tynka the Transmogrifier, a novice FeTm of Elyvilon (D:8)
  A troll (D:8)
  A hell hound (D:10)
  A wight (D:6)
  An orc wizard (D:11)
  2 gnolls (D:6)
7 creatures vanquished.

Grand Total: 398 creatures vanquished

Notes
Turn   | Place    | Note
-------+----------+-------------------------------------------
     0 | Abyss:1  | Gargoyl the Ghoul Abyssal Knight began the quest for the Orb.
     0 | Abyss:1  | Reached XP level 1. HP: 19/19 MP: 1/1
    48 | Abyss:1  | Found a corrupted altar of Lugonu.
   151 | Abyss:1  | Noticed an alligator simulacrum
   151 | D:1      | Escaped the Abyss
   208 | D:1      | Reached * piety under Lugonu
   246 | D:1      | Reached XP level 2. HP: 26/26 MP: 2/2
   794 | D:1      | Reached XP level 3. HP: 31/33 MP: 3/3
  1254 | D:2      | Reached skill level 1 in Dodging
  1389 | D:2      | Reached ** piety under Lugonu
  1476 | D:2      | Reached XP level 4. HP: 38/40 MP: 4/4
  1860 | D:2      | Reached XP level 5. HP: 46/46 MP: 6/6
  1934 | D:3      | Noticed Ijyb
  1943 | D:3      | Killed Ijyb
  2203 | D:3      | Found a white marble altar of Elyvilon.
  2314 | D:3      | Noticed Terence
  2321 | D:3      | Killed Terence
  2587 | D:4      | Found a staircase to the Ecumenical Temple.
  2610 | D:4      | Reached XP level 6. HP: 23/53 MP: 7/7
  2658 | D:4      | Found a glowing drain.
  2662 | D:4      | Reached *** piety under Lugonu
  2685 | Sewer    | Entered a sewer
  3262 | Sewer    | Reached XP level 7. HP: 56/60 MP: 8/8
  3477 | D:4      | Reached **** piety under Lugonu
  3972 | D:5      | Entered Level 5 of the Dungeon
  4106 | D:5      | Found a deep blue altar of Sif Muna.
  4106 | D:5      | Found an ancient bone altar of Kikubaaqudgha.
  4110 | D:5      | Found a radiant altar of Vehumet.
  4124 | D:5      | Identified Sif Muna's Papyrus of Transformation
  4351 | D:5      | Found a shadowy altar of Dithmenos.
  4496 | D:5      | Reached XP level 8. HP: 67/67 MP: 10/10
  4741 | D:6      | Reached skill level 5 in Axes
  4741 | D:6      | Reached skill level 5 in Armour
  4807 | D:6      | Noticed Blork the orc
  4814 | D:6      | Killed Blork the orc
  4814 | D:6      | Reached skill level 5 in Fighting
  5289 | D:6      | Got a steaming flail
  5311 | D:6      | Identified the +9 flail of Conformity {freeze, rF+ rC+ MR+ Int-4} (You found it on level 6 of the Dungeon)
  5346 | D:6      | Noticed Pikel
  5363 | D:6      | Killed Pikel
  5363 | D:6      | Reached skill level 5 in Invocations
  5363 | D:6      | Reached XP level 9. HP: 59/74 MP: 10/12
  5641 | D:6      | Reached ***** piety under Lugonu
  5725 | D:7      | Noticed Duvessa
  6261 | D:7      | Noticed Dowan
  6283 | D:7      | Noticed patcoet's ghost (novice HaHu)
  6386 | D:7      | Killed Duvessa
  6546 | D:7      | Found a hide-covered altar of Uskayaw.
  6552 | D:7      | Killed Dowan
  6553 | D:7      | Found a glowing golden altar of the Shining One.
  6774 | D:7      | Killed patcoet's ghost
  6913 | D:7      | Found a snail-covered altar of Cheibriados.
  6914 | D:7      | Found a stormy altar of Qazlal.
  7241 | D:8      | Reached XP level 10. HP: 83/84 MP: 13/13
  7402 | D:8      | Noticed Tynka's ghost (novice FeTm)
  7419 | D:8      | HP: 2/83 [Tynka's ghost (10)]
  7421 | D:8      | Banished Tynka's ghost
  7838 | D:7      | Found a sacrificial altar of Ru.
  8879 | D:8      | Found a shimmering altar of Xom.
  9061 | D:9      | Found Xola's Book Shop.
  9091 | D:9      | Found a bloodstained altar of Trog.
  9204 | D:9      | Identified a scroll of acquirement
  9282 | D:9      | Noticed Erica
  9312 | D:9      | Killed Erica
  9539 | D:9      | Reached XP level 11. HP: 73/91 MP: 14/16
 10019 | D:10     | Entered Level 10 of the Dungeon
 10300 | D:10     | Found a staircase to the Lair.
 10347 | D:10     | Noticed a hill giant
 10365 | D:10     | Killed a hill giant
 10849 | D:10     | You fall through a shaft for 2 floors!
 10985 | D:12     | Noticed a hill giant
 11000 | D:12     | Killed a hill giant
 11152 | D:11     | Noticed an unseen horror
 11189 | D:11     | Killed an unseen horror
 11241 | D:11     | Found a blossoming altar of Fedhas.
 11475 | D:11     | Noticed a red ugly thing
 11493 | D:11     | Killed a red ugly thing
 11493 | D:11     | Reached skill level 10 in Axes
 11618 | D:11     | Reached ****** piety under Lugonu
 11650 | D:11     | Reached skill level 10 in Armour
 11674 | D:11     | Noticed a four-headed hydra
 11682 | D:11     | Killed a one-headed hydra
 11707 | D:11     | Found a staircase to the Orcish Mines.
 11755 | D:11     | Noticed Josephine
 11771 | D:11     | Killed Josephine
 11771 | D:11     | Reached XP level 12. HP: 101/103 MP: 17/17
 11930 | D:11     | Noticed Nergalle
 11951 | D:11     | Killed Nergalle
 12059 | D:10     | Noticed Grum
 12076 | D:10     | Slain by a hill giant

Skill      XL: |  1  2  3  4  5  6  7  8  9 10 11 |
---------------+----------------------------------+-----
Axes           | 2 3 4 5 7 8 10 | 10.6
Armour         | 2 3 4 6 7 8 10 | 10.2
Fighting       | 4 5 6 7 8 |  8.8
Dodging        | 1 2 |  2.2
Invocations    | 3 4 5 6 8 9 |  9.3
Throwing       | |  0.6

Action                   |  1- 3 |  4- 6 |  7- 9 | 10-12 || total
-------------------------+-------+-------+-------+-------++-------
Melee: Hand axe          |   122 |   255 |   475 |   866 ||  1718
Throw: Javelin           |       |       |     2 |    13 ||    15
Invok: Depart the Abyss  |     1 |       |       |       ||     1
       Banish            |       |       |       |     5 ||     5
  Use: Scroll            |     7 |     2 |     9 |    10 ||    28
       Potion            |     2 |       |       |     3 ||     5
 Stab: Paralysed         |       |       |       |     1 ||     1
       Invisible         |       |       |       |     1 ||     1
  Eat: Chunk             |     9 |    22 |    55 |   104 ||   190
Armor: Scale mail        |    82 |     1 |       |       ||    83
       Plate armour      |       |   181 |   428 |   810 ||  1419
Dodge: Dodged            |   103 |    63 |   170 |   313 ||   649
